 Dungeon Crawl Stone Soup version 0.30-a0-310-g7d6cbdfea6 (webtiles) character file.

Game seed: 8618737376357908235

1 NinjaNoafa the Shield-Bearer (level 1, -2/16 HPs)
             Began as an Octopode Fighter on Oct 24, 2022.
             Slain by a gnoll
             ... wielding a +0 flail
              (7 damage)
             ... on level 1 of the Dungeon.
             The game lasted 00:00:51 (80 turns).

NinjaNoafa the Shield-Bearer (Octopode Fighter)       Turns: 80, Time: 00:00:51

Health: -2/16      AC:  1    Str: 15    XL:     1   Next: 20%
Magic:  1/1        EV: 13    Int: 10    God:
Gold:   18         SH:  4    Dex: 11    Spells: 0/0 levels left

rFire   . . .      SeeInvis .    a - +0 long sword
rCold   . . .      Faith    .    b - +0 buckler
rNeg    . . .      Spirit   .    (helmet restricted)
rPois   .          Reflect  .    (no amulet)
rElec   .          Harm     .    (no ring)
rCorr   .          Rampage  .    (no ring)
Will    .....                    (no ring)
Stlth   ++........               (no ring)
HPRegen 0.22/turn                (no ring)
MPRegen 0.07/turn                (no ring)
                                 (no ring)
                                 (no ring)

@: no status effects
A: almost no armour, amphibious, 8 rings, camouflage 1, gelatinous body 1,
(nimble swimmer 1), tentacles
a: no special abilities


You were on level 1 of the Dungeon.
You visited 1 branch of the dungeon, and saw 1 of its levels.

You collected 18 gold pieces.

Inventory:

Hand Weapons
 a - a +0 long sword (weapon)
Armour
 b - a +0 buckler (worn)
Scrolls
 d - a scroll of noise {unknown}
Potions
 c - a potion of might


   Skills:
 - Level 3.0 Fighting
 - Level 2.0 Long Blades
 - Level 3.0 Dodging
 + Level 0.8 Stealth
 - Level 3.0 Shields


You couldn't memorise any spells.
You didn't know any spells.
Your spell library was empty.

Dungeon Overview and Level Annotations

Branches:
Dungeon (1/15)

Altars:


Innate Abilities, Weirdness & Mutations

You cannot wear most types of armour.
You are amphibious.
You can wear up to eight rings at the same time.
Your skin changes colour to match your surroundings (Stealth+).
Your rubbery body absorbs attacks. (AC +1, EV +1)
((You are camouflaged when in or above water. (Stealth+)))
You have tentacles for arms and can constrict up to eight enemies at once.


Message History

Welcome, NinjaNoafa the Octopode Fighter.
The fabled Orb of Zot lies far below, as if waiting for you to find it.
Press ? for a list of commands and other information.
Found a staircase leading out of the dungeon.
Are you sure you want to abandon this character and quit the game? (Confirm with "yes".)
Okay, then.
You open the door.
There is an open door here.
Found a leather armour.
A goblin comes into view. It is wielding a +0 dagger.
The helpless goblin fails to defend itself.
You hit the goblin. You grab the goblin.
The goblin is severely wounded.
You constrict the goblin.
You kill the goblin!
Things that are here:
a +0 dagger; a goblin corpse
Found 7 stones.
You now have 18 gold pieces.
You open the door.
There is an open door here.
d - a scroll labelled LUELED LIOWI A hobgoblin comes into view.
A gnoll comes into view. It is wielding a +0 flail.
The gnoll hits you with a +0 flail!
Ouch! That really hurt!
The hobgoblin shouts!
Found a scroll labelled NOLOIFIWYL.
The gnoll barely misses you. The hobgoblin misses you.
A rat comes into view.
You hit the hobgoblin but do no damage. You grab the hobgoblin.
You constrict the hobgoblin, but do no damage.
The hobgoblin barely misses you.
The rat twitches its whiskers.
You block the gnoll's attack.
You barely miss the hobgoblin. You constrict the hobgoblin.
The hobgoblin hits you. The gnoll hits you with a +0 flail!
You die...

## ## #.. .#
#.# .# #.#
###### .#
#.##+###.....?
.#
#.............
##
#.....@g......
#....g........
#.##+##.......
#.# .....r.
#.# .......
#.# .......
###########.##
.......
.............#
.....##
.#############


You could see a gnoll, a hobgoblin and a rat.

Vanquished Creatures
  A goblin (D:1)
1 creature vanquished.

Notes
Turn   | Place    | Note
-------+----------+-------------------------------------------
     0 | D:1      | NinjaNoafa the Octopode Fighter began the quest for the
                  | Orb.
     0 | D:1      | Reached XP level 1. HP: 16/16 MP: 1/1
    80 | D:1      | Slain by a gnoll

Illustrated notes

Levels and vault maps discovered:
D:1:      saegor_arrival_simple_b, layout_basic, serial_bayou_crossing

Action                   || total
-------------------------++-------
Melee: Long sword        ||     3
       Constrict         ||     2
 Stab: Sleeping          ||     1
Dodge: Dodged            ||     3
Block: Buckler           ||     1

Table legend: (Time is in decaauts)
 A = Elapsed time spent in this place.
 B = Non-inter-level travel time spent in this place.
 C = Inter-level travel time spent in this place.
 D = Time resting spent in this place.
 E = Time spent auto-exploring this place.
 F = Levels seen in this place.
 G = Mean time per level.
                   A        B        C        D        E       F      G
               +--------+--------+--------+--------+--------+-----+--------+
         Total |     80 |     80 |      0 |      0 |     61 |   1 |   80.0 |
       Dungeon |     80 |     80 |      0 |      0 |     61 |   1 |   80.0 |
               +--------+--------+--------+--------+--------+-----+--------+

Top non-repeatable levels by time:
     D:1: 80 daAuts
